caesar, neutral male human Barbarian ----- ---------------- )*) |..............| *?[ ------------#############...............| ( |..........|# |..............| . ##...........|# |..............| | # |..........|# -----.---------- ) ### |..........-# ##### # # |<.........|# # # ### |..........|### ##### ### # -------.---- # # # # ### # ########################## ---.----------# # ------|-- |...I........|# ###|.......| |%...........|# #........| |..>I........|# |.......| |............|# --------- |............-# -------------- caesar the Pillager Experience level: 5 Strength: 18 Dexterity: 17 Constitution: 18 Intelligence: 7 Wisdom: 8 Charisma: 6 Health: 0(55) Energy: 15(15) Def: 6 Gold: 388 Moves: 2297 Dungeon seed: E6YtPAVQsn57v59t Game ID: caesar_1516900949 Your Inventory: Coins $ - 388 gold pieces Armor e - an uncursed +0 ring mail (being worn) n - an uncursed +0 orcish helm (being worn) q - an uncursed +0 pair of iron shoes (being worn) Comestibles i - an uncursed sprig of wolfsbane Scrolls l - an uncursed scroll of identify Spellbooks k - an uncursed spellbook of extra healing Potions f - an uncursed potion of gain level (weapon in hand) Spells and supernatural/magical abilities: Name Level Category Fail Memory W - pray for help -- divine ? -- Your skills at the end: Fighting Skills bare handed combat [Basic] Weapon Skills axe [Basic] short sword [Basic] Spellcasting Skills Final Attributes: You were piously aligned. You were poison resistant. You are dead. Vanquished creatures: 2 gnome lords a golden naga hatchling a straw golem 2 giant ants 2 dwarves a monkey a dwarf zombie a wererat a hobbit a brown mold a yellow mold a red mold 8 gnomes a gnome zombie 5 jackals 4 foxes a goblin a sewer rat 3 grid bugs a kobold zombie 2 newts 41 creatures vanquished. Voluntary challenges: You used a wielded weapon 34 times, starting on turn 3. You were illiterate. You never genocided any monsters. You never polymorphed an object. You never changed form. You used no wishes. You never split a pudding. You never wrote Elbereth's name. You never violated your personal moral code. Dungeon overview: The Dungeons of Doom: levels 1 to 4 Level 1 a fountain a long staircase Level 2 an altar to Set, a fountain, a sink Level 3 a general store, a fountain stairs to The Gnomish Mines Level 4 <- You were here a general store The Gnomish Mines: Level 4 stairs to The Dungeons of Doom History has recorded: On T:1 you entered the Dungeons of Doom to retrieve the Amulet of Yendor! On T:29 you reached level 2 of The Dungeons of Doom. On T:653 you reached level 3 of The Dungeons of Doom. On T:742 you reached level 4 of The Dungeons of Doom. On T:802 you advanced to experience level 2. On T:1034 you reached level 1 of The Gnomish Mines. On T:1045 you advanced to experience level 3. On T:1255 you advanced to experience level 4. On T:1982 you advanced to experience level 5. Score breakdown: Gold: 388 ( 8810 points) Experience: 5 levels (11141 points) Exploration: 4 levels ( 8.33%) ( 7579 points) Discoveries: 1 item ( 0.41%) ( 1912 points) Valuables value: (no points given unless you survive) Artifact value: 0 ( 0 points) Variety of kills: 21 monsters ( 5.51%) ( 7043 points) Turncount: 2297 turns ( -205 points) Survival: died (score multiplied by 80%) Total score: 29024 Latest messages: You faint from lack of food. You come to. You faint from lack of food. It just misses! It bites! (7x) You come to. That command is only available in debug mode. The gecko bites! That command is only available in debug mode. (6x) The gecko bites! (2x) You faint from lack of food. It bites! (4x) It just misses! It bites! (6x) You come to. The gecko bites! You faint from lack of food. It bites! (11x) It just misses! It bites! (2x) You die... Final status: Goodbye caesar the Barbarian, killed by a garter snake, while fainted from lack of food... You died in The Dungeons of Doom on dungeon level 4 with 29024 points, and 388 pieces of gold, after 2297 moves. You were level 5 with a maximum of 55 hit points when you died.